 Dungeon Crawl Stone Soup version 0.20-a0-1122-gb7cbeb9 (webtiles) character file.

200 wolfsongas the Chopper (level 5, 0/46 HPs)
             Began as a Minotaur Berserker on May 12, 2017.
             Was a Priest of Trog.
             Slain by a gnoll
             ... wielding a +0 spear
              (5 damage)
             ... on level 3 of the Dungeon.
             The game lasted 00:05:28 (2204 turns).

wolfsongas the Chopper (Minotaur Berserker)         Turns: 2204, Time: 00:05:28

Health: 0/46       AC: 11    Str: 22    XL:     5   Next: 48%
Magic:  4/4        EV:  7    Int:  4    God:    Trog [***...]
Gold:   70         SH:  0    Dex: 10    Spells: 4/4 levels left

rFire    + . .     SeeInvis .   a - +1 hand axe
rCold    + . .     Gourm    .   (no shield)
rNeg     . . .     Faith    .   j - +0 plate armour
rPois    .         Spirit   .   (helmet restricted)
rElec    .         Reflect  .   l - scarf {rC+ rF+}
rCorr    .         Harm     .   (no gloves)
MR       .....                  (no boots)
Stlth    ..........             (no amulet)
Regen    0.2/turn               (no ring)
MPRegen  0.1/turn               (no ring)

@: no status effects
A: retaliatory headbutt, horns 2
a: Berserk, Trog's Hand, Burn Spellbooks, Renounce Religion


You were on level 3 of the Dungeon.
You worshipped Trog.
Trog was most pleased with you.
You were not hungry.

You visited 1 branch of the dungeon, and saw 3 of its levels.

You collected 70 gold pieces.

Inventory:

Hand Weapons
 a - a +1 hand axe (weapon)
Armour
 i - a +0 ring mail
 j - a +0 plate armour (worn)
 l - a scarf of resistance (worn)
Wands
 f - a wand of disintegration (7/24)
Scrolls
 b - a scroll of magic mapping
 k - a scroll of remove curse
 m - a scroll of fear
Comestibles
 g - a meat ration
 h - 3 fruits


   Skills:
 - Level 3.7 Fighting
 * Level 6.9 Axes
 + Level 3.7 Armour
 - Level 2.2 Dodging


You had 4 spell levels left.
You didn't know any spells.

Dungeon Overview and Level Annotations

Branches:
Dungeon (3/15)

Altars:
Zin


Innate Abilities, Weirdness & Mutations

You reflexively headbutt those who attack you in melee.
You have a pair of horns on your head.


Message History

The gnoll hits you from afar with a spear.
The gnoll closely misses you. You furiously retaliate!
You headbutt the gnoll!
You kill the gnoll!
Trog accepts your kill.
The gnoll hits you from afar with a spear.
* * * LOW HITPOINT WARNING * * *
You see here a whip.
The gnoll hits you from afar with a spear.
* * * LOW HITPOINT WARNING * * *
The gnoll hits you but does no damage.
You hit the gnoll but do no damage. Your headbutt misses the gnoll.
The gnoll hits you with a spear.
* * * LOW HITPOINT WARNING * * *
You hit the gnoll. You headbutt the gnoll!
The gnoll is almost dead.
The gnoll hits you but does no damage.
You closely miss the gnoll.
The gnoll is almost dead.
The gnoll hits you with a spear.
You die...

#.$....$..####............ ..
..#.>###...#####...##.....
..#
##...........###.#...†....
....
.............##.#..#.....
...###.......................
. ................#..........
.. #.#............#.###......
...##.....)..g.......#
##.....
......#..).<)@.....### ....##
.....$.).).!)........ .#..#
.....#..##..####$##...
......).....# #.# .##
........##..# ..# ..
..../...###...# ........#
#..## ......... ...#
.....#... ....


You could see a gnoll.

Vanquished Creatures
  An orc priest (D:3)
  An orc wizard (D:3)
  6 adders
  2 gnolls (D:3)
  An ooze (D:3)
  2 worms (D:2)
  A dart slug (D:1)
  3 leopard geckos
  3 orcs (D:3)
  4 bats
  2 giant cockroaches
  8 goblins
  12 hobgoblins
  2 quokkas
  A frilled lizard (D:1)
  5 kobolds
  5 rats (D:2)
  3 bushes (D:1)
  4 plants (D:1)
66 creatures vanquished.

Notes
Turn   | Place    | Note
-------+----------+-------------------------------------------
     0 | D:1      | wolfsongas the Minotaur Berserker began the quest for the Orb.
     0 | D:1      | Reached XP level 1. HP: 19/19 MP: 0/0
    49 | D:1      | Reached skill level 4 in Axes
    98 | D:1      | Reached XP level 2. HP: 10/27 MP: 1/1
  1169 | D:2      | Reached skill level 5 in Axes
  1170 | D:2      | Reached XP level 3. HP: 33/33 MP: 2/2
  1188 | D:2      | Reached ** piety under Trog
  1395 | D:2      | Found a glowing silver altar of Zin.
  1552 | D:2      | Reached XP level 4. HP: 35/40 MP: 3/3
  1584 | D:2      | Reached skill level 6 in Axes
  2166 | D:3      | Reached XP level 5. HP: 46/46 MP: 4/4
  2169 | D:3      | Reached *** piety under Trog
  2204 | D:3      | Slain by a gnoll

Vault maps used:
D:1:      grunt_arrival_lava_bath, serial_forest, infiniplex_forest_straight_4,
          infiniplex_forest_lined_3_way, infiniplex_forest_clump_C,
          infiniplex_forest_clump_long, infiniplex_forest_end_1,
          infiniplex_forest_lined_3, infiniplex_forest_corner_1,
          infiniplex_forest_clump_medium, patterned_corridor
D:2:      nicolae_overflow_hidden_temple
D:3:      kennysheep_goblin_castle

Skill      XL: |  1  2  3  4 |
---------------+-------------+-----
Axes           | 4 5 6 |  6.9
Armour         | 3 |  3.7
Fighting       | |  3.7
Dodging        | |  2.2

Action                   |  1- 3 |  4- 6 || total
-------------------------+-------+-------++-------
Melee: Hand axe          |   294 |    64 ||   358
       Headbutt          |    79 |    15 ||    94
Invok: Burn Spellbooks   |       |     1 ||     1
       Berserk           |       |     1 ||     1
  Use: Scroll            |     6 |     3 ||     9
       Potion            |       |     1 ||     1
  Eat: Bread ration      |     1 |       ||     1
       Fruit             |     1 |       ||     1
Armor: Animal skin       |     1 |       ||     1
       Ring mail         |    20 |     1 ||    21
       Plate armour      |       |    49 ||    49
Dodge: Dodged            |    41 |    11 ||    52
